[Event "45th FIDE Olympiad 2024"]
[Site "Budapest"]
[Date "2024.09.19"]
[Round "8.7"]
[White "Hussain, Nimal"]
[Black "Ofowino, Toritsemuwa"]
[Result "0-1"]
[WhiteElo "1805"]
[BlackElo "2020"]
[PlyCount "134"]
[EventDate "2024.09.05"]
[EventType "team-tourn"]
[EventCountry "HUN"]
[WhiteTeam "Maldives"]
[BlackTeam "Nigeria"]
[WhiteTeamCountry "MDV"]
[BlackTeamCountry "NGR"]
[TimeControl "40/5400+30:1800+30"]

1. d4 Nf6 2. c4 c6 3. Nc3 d5 4. cxd5 cxd5 5. Bf4 Nc6 6. e3 a6 7. Bd3 Bg4 8. Qb3 Na5 9. Qc2 e6 10. h3 Bh5 11. Nge2 Be7 12. O-O O-O 13. Rfc1 Rc8 14. Bg5 Bg6 15. Bxg6 hxg6 16. Qd3 b5 17. b3 Ba3 18. Rc2 Qc7 19. Bxf6 gxf6 20. Rd2 f5 21. Rad1 Nc6 22. f4 Kg7 23. Rf1 Ne7 24. Nb1 Bd6 25. Rc1 Qb7 26. Rdc2 Rxc2 27. Rxc2 Rh8 28. Nd2 Nc6 29. Rc1 Ba3 30. Rc3 Nb4 31. Qb1 Rc8 32. Rxc8 Qxc8 33. Kf2 Qc7 34. Nf3 Nc2 35. Ne1 Nxe1 36. Kxe1 Qa5+ 37. Kd1 Bb4 38. Qc2 Qd8 39. Nc1 Qb6 40. Nd3 Bd6 41. Ke2 Qa5 42. h4 Qb6 43. Kf3 Qb7 44. g3 Qa8 45. Nc5 a5 46. Nd3 Qb7 47. Qc3 Qa8 48. Ne5 Bxe5 49. fxe5 a4 50. b4 Qh8 51. Qd3 Qh5+ 52. Kg2 Qg4 53. Qxb5 Qd1 54. Qc5 Qe2+ 55. Kh3 Qf1+ 56. Kh2 Qf2+ 57. Kh3 Qg1 58. Qc2 a3 59. Qd2 Qh1+ 60. Qh2 Qb1 61. Qf2 Qxb4 62. Qf4 Qb1 63. Qf2 Qh1+ 64. Qh2 Qe1 65. Qc2 Qxe3 66. Qc5 Qg1 67. g4 fxg4# {0-} 0-1

[Event "45th FIDE Olympiad 2024"]
[Site "Budapest"]
[Date "2024.09.19"]
[Round "8.8"]
[White "Hovhannisyan, Robert"]
[Black "Gledura, Benjamin"]
[Result "0-1"]
[ECO "B53"]
[WhiteElo "2619"]
[BlackElo "2628"]
[Annotator "TA"]
[PlyCount "90"]
[EventDate "2024.09.05"]
[EventType "team-tourn"]
[EventCountry "HUN"]
[SourceTitle "playchess.com"]
[Source "ChessBase"]
[SourceQuality "1"]
[WhiteTeam "Armenia"]
[BlackTeam "Hungary"]
[WhiteTeamCountry "ARM"]
[BlackTeamCountry "HUN"]
[TimeControl "40/5400+30:1800+30"]

1. e4 c5 2. Nf3 d6 3. d4 cxd4 4. Qxd4 Nc6 5. Bb5 a6 6. Bxc6+ {[%emt 0:00:08] B53: Sicilian: 2...d6: Lines with Qxd4.} bxc6 7. O-O e5 8. Qa4 Qc7 9. c4 Bd7 10. Nc3 Ne7 11. Be3 $146 ({Predecessor:} 11. c5 d5 12. Qc2 f6 13. Ne1 g5 14. Nd3 Be6 15. f3 Ng6 16. Bd2 Be7 17. b4 {0-1 Demchenko,A (2654)-Fedoseev,V (2701) Chess.com Rapid Wk13 Swiss 2022 (2)}) 11... f6 12. Qc2 Be6 13. Rfd1 Bxc4 14. Rac1 Be6 15. Nd5 Qb7 (15... cxd5 $2 {is the wrong capture.} 16. Qxc7 Rd8 17. exd5 $18) ({Reject} 15... Bxd5 $6 16. exd5 c5 (16... Nxd5 $2 17. Rxd5 Rb8 18. Qa4 $18) 17. b4 $16) 16. Nb6 Rd8 17. Nc4 Qb4 18. b3 d5 19. Bd2 Qb5 20. a4 Qb8 21. Na5 dxe4 22. Qxe4 Bd5 23. Qe2 Qc8 24. Nc4 Qe6 25. Ba5 Rd7 26. Nb6 Ra7 27. Nxd5 cxd5 28. Nd4 Qd6 29. Nc2 $1 Kf7 30. Ne3 (30. Bb4 $11 Qe6 31. Bc5) 30... Qe6 $17 31. Bb4 ({White should try} 31. Nc2) 31... d4 32. Nc4 Nd5 33. Bxf8 (33. Bd2 $17 {is a better defense.}) 33... Rxf8 $19 34. g3 (34. Qd3 {keeps fighting.}) 34... Nc3 $19 35. Qh5+ Kg8 36. Re1 e4 37. a5 (37. Qc5 $142 Rd7 38. f3) 37... f5 $19 38. Qg5 f4 39. gxf4 $2 (39. Qe5 Qxe5 40. Nxe5) 39... Raf7 $19 40. Kh1 Rxf4 41. Rg1 Qf6 ({Worse is} 41... Rxf2 42. Qxg7#) 42. Qxf6 R4xf6 43. Rg4 Rxf2 44. Rcg1 g6 45. Nd6 e3 0-1

[Event "45th FIDE Olympiad 2024"]
[Site "Budapest"]
[Date "2024.09.19"]
[Round "8.8"]
[White "Quickpen, Deborah Ebimobo-Ere"]
[Black "Abdul Rahman, Ali"]
[Result "1-0"]
[WhiteElo "1918"]
[BlackElo "1844"]
[PlyCount "97"]
[EventDate "2024.09.05"]
[EventType "team-tourn"]
[EventCountry "HUN"]
[WhiteTeam "Nigeria"]
[BlackTeam "Maldives"]
[WhiteTeamCountry "NGR"]
[BlackTeamCountry "MDV"]
[TimeControl "40/5400+30:1800+30"]

1. c4 e6 2. g3 Nf6 3. Bg2 d5 4. Nf3 Bd6 5. O-O O-O 6. d4 c6 7. Nc3 Nbd7 8. Qc2 Re8 9. Rd1 Bb4 10. Nd2 Nf8 11. e4 dxe4 12. Ndxe4 Nxe4 13. Nxe4 f5 14. Ng5 Be7 15. Nf3 Bf6 16. Be3 Qc7 17. Bf4 Qe7 18. c5 Ng6 19. Bd6 Qd8 20. h4 Ne7 21. b4 Nd5 22. Rab1 Bd7 23. a4 Qc8 24. Be5 Be7 25. Nd2 b5 26. axb5 cxb5 27. Bxd5 exd5 28. Nb3 f4 29. Qa2 f3 30. Nd2 Rf8 31. Rb3 Bg4 32. Ra3 Qe6 33. Ra6 Qd7 34. Bd6 Be6 35. Bxe7 Qxe7 36. Re1 Rf6 37. Nxf3 Rxf3 38. Raxe6 Qf7 39. Re7 Qf8 40. Qxd5+ Kh8 41. Qxa8 Qxa8 42. Re8+ Rf8 43. Rxa8 Rxa8 44. c6 Kg8 45. d5 Rc8 46. Re7 a6 47. c7 Kf8 48. d6 a5 49. d7 1-0

[Event "45th FIDE Olympiad 2024"]
[Site "Budapest"]
[Date "2024.09.19"]
[Round "8.9"]
[White "Predke, Alexandr"]
[Black "Abdusattorov, Nodirbek"]
[Result "0-1"]
[ECO "B12"]
[WhiteElo "2671"]
[BlackElo "2766"]
[Annotator "TA"]
[PlyCount "140"]
[EventDate "2024.09.05"]
[EventType "team-tourn"]
[EventCountry "HUN"]
[SourceTitle "playchess.com"]
[Source "ChessBase"]
[SourceQuality "1"]
[WhiteTeam "Serbia"]
[BlackTeam "Uzbekistan"]
[WhiteTeamCountry "SRB"]
[BlackTeamCountry "UZB"]
[TimeControl "40/5400+30:1800+30"]

1. e4 c6 2. d4 d5 3. e5 Bf5 4. h4 Qb6 5. a4 a5 6. g4 {[%emt 0:06:27] B12: Caro-Kann: Advance Variation.} Bd7 7. Rh3 $146 ({Predecessor:} 7. h5 h6 8. f4 c5 9. dxc5 Qb4+ 10. Kf2 e6 11. Nc3 Bxc5+ 12. Kg3 Qb6 13. Nf3 {0-1 Nestorovic,N (2449)-Radivojevic,I (2356) SRB-chT Kragujevac 2015 (5.2)}) 7... h5 8. Rb3 Qc7 9. g5 g6 10. Re3 Bg4 11. Ne2 e6 12. f3 Bf5 13. b3 Ne7 14. Ng3 c5 15. Rc3 Nec6 16. Nxf5 gxf5 17. f4 cxd4 18. Rh3 Nd7 19. Na3 Qb6 20. Bd3 Nc5 21. Nb5 Rc8 22. Bb2 Ne4 23. Ke2 Bc5 24. Qg1 Kf8 25. Rd1 Kg7 26. Rh2 Kg6 27. Kf1 Rhd8 28. Re2 Kg7 29. Kg2 Ne7 30. Kh3 Ng6 31. Rf1 Rc6 32. Rf3 Bb4 33. Bxd4 Bc5 34. Qa1 Rdc8 35. Qg1 Nc3 36. Bxc5 Qxc5 37. Qxc5 Rxc5 38. Rd2 Nxb5 39. axb5 Rc3 40. Kg3 Nf8 41. Kf2 (41. Kh2 {was worth a try.}) 41... Nd7 $1 $19 42. Ke2 Nc5 43. Kd1 a4 44. bxa4 Ra8 (44... Ra3 $19 {has better winning chances.} 45. Ke2 Rxa4) 45. Rg2 (45. g6 $17 fxg6 (45... Rxa4 46. gxf7 Ra1+ 47. Ke2 $19) 46. Rg2) 45... Rxa4 (45... Nxd3 $1 $19 {and Black stays clearly on top.} 46. cxd3 Ra3 (46... Rxa4 47. Rb2 $19)) 46. g6 $17 {[%emt 0:00:05] [#]} Nxd3 (46... fxg6 $6 47. Rfg3 Nxd3 (47... Rxf4 48. Rxg6+ Kh7 49. Rg7+ Kh8 50. Rg8+ Kh7 51. R2g7+ Kh6 52. Rg6+ Kh7 53. Bf1 $11) 48. Rxg6+ Kh7 49. Rg7+ Kh8 50. Rg8+ Kh7 51. R2g7+ Kh6 52. Rg2 $11 (52. cxd3 Rxd3+ 53. Kc2 Rda3 $11)) (46... Ra1+ $1 $17 47. Kd2 Rxd3+ 48. Rxd3 Nxd3 49. Kxd3 (49. gxf7+ Kxf7 50. Kxd3 Rh1 $17) 49... fxg6) 47. gxf7+ $15 Kxf7 48. cxd3 Ra1+ 49. Kd2 d4 50. Rfg3 Ra2+ 51. Kd1 Rxg2 52. Rxg2 Rxd3+ 53. Rd2 Rh3 54. Rxd4 Rxh4 55. b6 Ke8 56. Rc4 Rg4 57. Ke2 h4 58. Kf3 Rg1 59. Kf2 Rb1 60. Rc8+ Kf7 61. Rc7+ Kg6 62. Rxb7 Kh5 (62... h3 $5 63. Kg3 $8 Rb3+ 64. Kh2 Kh5 $11) 63. Rg7 h3 64. Rg5+ $2 (64. b7 $11) 64... Kh4 $19 65. b7 Rxb7 66. Rg6 {[%emt 0:00:02] [#]} Rb2+ $1 67. Kf3 Rb3+ 68. Kf2 h2 69. Rh6+ Kg4 70. Kg2 Rb6 (70... h1=Q+ $142 71. Kxh1 Rh3+ (71... Kxf4 72. Rxe6 Rb1+ 73. Kg2 $11) 72. Rxh3 Kxh3 73. Kg1 Kg3 74. Kf1 Kxf4 75. Kf2 Ke4 (75... Kxe5 {is a self mate.} 76. Ke3 f4+ 77. Kf3 Kf5 78. Kf2 Ke4 79. Ke2 f3+ 80. Kf2 Kf4 81. Kf1 Ke3 82. Ke1 e5 83. Kf1 f2 84. Kg2 Ke2 85. Kh3 f1=Q+ 86. Kg4 Qf6 87. Kh5 Qe6 88. Kg5 Kf3 89. Kh5 Kf4 90. Kh4 Qh6#) 76. Ke2 f4 (76... Kxe5 {gets mated.} 77. Ke3 Kd5 78. Kd3 e5 79. Ke3 e4 80. Ke2 Kd4 81. Kd2 e3+ 82. Ke2 Ke4 83. Ke1 Kd3 84. Kd1 f4 85. Ke1 f3 86. Kf1 Kd2 87. Kg1 e2 88. Kf2 e1=Q+ 89. Kxf3 Qh4 90. Kg2 Ke3 91. Kg1 Kf3 92. Kf1 Qh1#) 77. Kf2 f3 (77... Kxe5 78. Kf3 Kf5 79. Ke2 Kg4 80. Kf2 e5 81. Kg2 e4 82. Kh2 e3 83. Kg2 e2 84. Kf2 f3 85. Ke1 Kg3 86. Kd2 Kf2 87. Kc3 e1=Q+ 88. Kc4 Kg2 89. Kd4 f2 90. Kd3 f1=Q+ 91. Kd4 Qb4+ 92. Ke5 Qff4+ 93. Ke6 Qbd6#) 78. Kf1 Kxe5 79. Kg1 Kf4 80. Kf2 e5 81. Ke1 Kg3 82. Kf1 f2 83. Ke2 Kg2 (83... f1=Q+ 84. Kxf1 Kf3 85. Ke1 e4 86. Kd2 e3+ 87. Ke1 e2 88. Kd2 Kf2 89. Kd3 e1=Q 90. Kc4 Qa5 91. Kd4 Kf3 92. Kc4 Ke4 93. Kb3 Kd3 94. Kb2 Qb4+ 95. Ka2 Kc3 96. Ka1 Qb2#) 84. Kd3 f1=Q+ (84... f1=B+ 85. Ke4 $11) 85. Ke4 Qf4+ 86. Kd5 e4 87. Kc6 e3 88. Kd7 e2 89. Ke6 Qc7 (89... e1=B 90. Kd5 Qf6 91. Kc5 Qe6 92. Kd4 Bb4 93. Kd3 Kf3 94. Kc2 Qa2+ 95. Kd3 Qe2+ 96. Kd4 Qe4#) 90. Kd5 e1=Q (90... e1=B 91. Ke6 Kf3 92. Kd5 Bb4 93. Ke6 Qh7 94. Kf6 Kf4 95. Ke6 Qf5#) 91. Kd4 Qee5+ 92. Kd3 Qcc3#) 0-1

[Event "45th FIDE Olympiad 2024"]
[Site "Budapest"]
[Date "2024.09.19"]
[Round "8.9"]
[White "Almedina Ortiz, Edgardo J."]
[Black "Khan, Taffin"]
[Result "1-0"]
[WhiteElo "2196"]
[BlackElo "2066"]
[PlyCount "65"]
[EventDate "2024.09.05"]
[EventType "team-tourn"]
[EventCountry "HUN"]
[WhiteTeam "Puerto Rico"]
[BlackTeam "Guyana"]
[WhiteTeamCountry "PUR"]
[BlackTeamCountry "GUY"]
[TimeControl "40/5400+30:1800+30"]

1. d4 d5 2. Bf4 Nf6 3. e3 c5 4. dxc5 Qa5+ 5. Nd2 Nc6 6. a3 Qxc5 7. Ngf3 Nh5 8. Nb3 Qb6 9. Qxd5 Nxf4 10. exf4 Be6 11. Qb5 Qc7 12. Ne5 a6 13. Qa4 g5 14. Nxc6 bxc6 15. fxg5 Bg7 16. Bd3 Bxb2 17. Rb1 Bc3+ 18. Kf1 Rg8 19. Be4 Rc8 20. h4 Kf8 21. Nc5 Bd5 22. Rh3 Qa5 23. Qxa5 Bxa5 24. Bxh7 Rh8 25. Bd3 Bc7 26. c4 Bd6 27. Nd7+ Ke8 28. Nb6 Be6 29. Nxc8 Bxc8 30. Rh1 Bxa3 31. Be4 c5 32. Rb8 Kd8 33. Bb7 1-0

[Event "45th FIDE Olympiad 2024"]
[Site "Budapest"]
[Date "2024.09.19"]
[Round "8.10"]
[White "Yakubboev, Nodirbek"]
[Black "Sarana, Alexey"]
[Result "1/2-1/2"]
[ECO "B90"]
[WhiteElo "2666"]
[BlackElo "2713"]
[Annotator "TA"]
[PlyCount "117"]
[EventDate "2024.09.05"]
[EventType "team-tourn"]
[EventCountry "HUN"]
[SourceTitle "playchess.com"]
[Source "ChessBase"]
[SourceQuality "1"]
[WhiteTeam "Uzbekistan"]
[BlackTeam "Serbia"]
[WhiteTeamCountry "UZB"]
[BlackTeamCountry "SRB"]
[TimeControl "40/5400+30:1800+30"]

1. e4 c5 2. Nf3 d6 3. d4 cxd4 4. Nxd4 Nf6 5. Nc3 a6 6. Be3 Ng4 7. Bc1 Nf6 8. Be3 Ng4 9. Bg5 h6 10. Bh4 g5 11. Bg3 Bg7 12. Qd2 Nc6 13. Nb3 Be6 14. h4 gxh4 (14... Rc8 $11 {keeps the balance.}) 15. Rxh4 (15. Bxh4 $16 b5 16. f3) 15... h5 16. O-O-O Rc8 (16... Bf6 $11) 17. Nd5 ({White should play} 17. Kb1 $14) 17... Nce5 $11 18. Nf4 Bxb3 (18... Ng6 $1 $11 19. Rxh5 Nxf4 20. Rxh8+ Bxh8) 19. axb3 $16 Nf6 {[%emt 0:00:48] [#]} 20. Qe2 $1 $36 {[%emt 0:01:20][%mdl 2048] Black is under strong pressure.} Qa5 21. Kb1 {[%emt 0:01:13] Repels Qa1+} (21. Nxh5 $2 Nxh5 22. Kb1 Nxg3 23. fxg3 Kf8 $19) 21... Nc6 22. c3 {[%emt 0:06:29] Dodges Nb4} Qg5 23. Nd5 Ne5 24. Rh3 {[%emt 0:04:05] f4 is the strong threat.} Qg6 25. Bxe5 (25. Nxf6+ $142 Bxf6 26. f4) 25... dxe5 26. Qd3 Nxd5 ({And not} 26... Nxe4 27. Nc7+ Kf8 28. Qd8+ Rxd8 29. Rxd8#) 27. Qxd5 Qc6 {[%emt 0:00:08] Prevents Qd7+.} 28. Bc4 {[%emt 0:11:50] White is much more active.} Qxd5 29. exd5 (29. Rxd5 e6 30. Rd1 Rd8 31. Rxd8+ Kxd8 $16) 29... Rh6 30. Bd3 h4 31. Rdh1 Rd8 32. Be4 (32. Rxh4 Rxh4 33. Rxh4 e6 $11) 32... Kd7 33. Rxh4 Rxh4 34. Rxh4 $14 {[%emt 0:00:01][%mdl 4096] Endgame. KRB-KRB} Rh8 35. Rg4 Bf6 {[%emt 0:00:08] [#]} 36. d6 $1 Rh4 (36... b6 37. dxe7) 37. Rxh4 Bxh4 $16 {[%emt 0:00:02] KB-KB} 38. g3 Bg5 39. Bxb7 a5 40. dxe7 Kxe7 41. Be4 Kd6 42. Ka2 Bc1 43. Ka3 Kc5 44. g4 f6 45. f3 Kb5 46. Bd3+ Kc5 47. Bf5 Kb5 48. Bc8 Kc5 49. Bb7 Kb6 50. Ba8 Kc5 51. Ka2 Bg5 52. Kb1 Bf4 53. Kc2 Bg5 54. Kd3 Bh4 55. Ke4 Bg5 56. Kf5 Bh4 57. Ke4 Bg5 58. Kf5 Bh4 $1 59. Ke4 {[%emt 0:00:00] Weighted Error Value: White=0.15 (very precise) /Black=0.11 (very precise) .  Mistake:       	White=3     	Black=2      Inaccurate:     	White=3     	Black=4      OK:         	White=15    	Black=14     Best:        	White=3     	Black=1      Strong:       	White=1     	Black=1} (59. Ke6 $16) 1/2-1/2

[Event "45th FIDE Olympiad 2024"]
[Site "Budapest"]
[Date "2024.09.19"]
[Round "8.10"]
[White "Drayton, Anthony"]
[Black "Rodriguez Santiago, Jaime"]
[Result "1-0"]
[WhiteElo "1964"]
[BlackElo "2002"]
[PlyCount "69"]
[EventDate "2024.09.05"]
[EventType "team-tourn"]
[EventCountry "HUN"]
[WhiteTeam "Guyana"]
[BlackTeam "Puerto Rico"]
[WhiteTeamCountry "GUY"]
[BlackTeamCountry "PUR"]
[TimeControl "40/5400+30:1800+30"]

1. d4 Nf6 2. c4 e6 3. Nc3 Bb4 4. Nf3 O-O 5. Qc2 d5 6. Bg5 Nbd7 7. e3 h6 8. Bh4 Be7 9. Bd3 dxc4 10. Bxc4 c5 11. O-O a6 12. a4 cxd4 13. exd4 b6 14. d5 exd5 15. Nxd5 Nxd5 16. Bxd5 Ra7 17. Bg3 Nf6 18. Ba2 Rd7 19. Rad1 Bb7 20. Ne5 Rxd1 21. Rxd1 Qa8 22. Qc7 Bc5 23. Nxf7 Bd5 24. Bxd5 Nxd5 25. Qe5 Rxf7 26. Qxd5 Qf8 27. Kf1 Kh7 28. f3 Rf5 29. Qe4 Qf7 30. Bf2 g6 31. b4 Rf4 32. Qd3 Rxb4 33. Qd8 Be7 34. Qc7 Qe6 35. Re1 1-0

[Event "45th FIDE Olympiad 2024"]
[Site "Budapest"]
[Date "2024.09.19"]
[Round "8.11"]
[White "Indjic, Aleksandar"]
[Black "Sindarov, Javokhir"]
[Result "1/2-1/2"]
[ECO "A14"]
[WhiteElo "2611"]
[BlackElo "2677"]
[Annotator "TA"]
[PlyCount "79"]
[EventDate "2024.09.05"]
[EventType "team-tourn"]
[EventCountry "HUN"]
[SourceTitle "playchess.com"]
[Source "ChessBase"]
[SourceQuality "1"]
[WhiteTeam "Serbia"]
[BlackTeam "Uzbekistan"]
[WhiteTeamCountry "SRB"]
[BlackTeamCountry "UZB"]
[TimeControl "40/5400+30:1800+30"]

1. Nf3 Nf6 2. c4 e6 3. g3 d5 4. Bg2 Be7 5. O-O O-O 6. d3 c5 7. Ne5 d4 8. e3 dxe3 9. Bxe3 Qc7 10. f4 Nfd7 11. Nf3 Nc6 12. Nc3 b6 (12... a6 $11) 13. d4 {[%emt 0:03:49] White is more active.} Na5 14. b3 Bb7 $1 15. d5 exd5 16. Nxd5 Bxd5 17. Qxd5 Rad8 18. Qf5 Nc6 19. Rad1 Nf6 {[%emt 0:00:21] The position is equal.} 20. h3 g6 21. Qb1 Nh5 22. Bf2 Bf6 23. Rd5 Nb4 24. Rdd1 Rfe8 25. a3 {[%emt 0:07:31] [#] aiming for Rxd8.} Nc6 26. Rxd8 Rxd8 27. Re1 Nd4 28. Nd2 Bg7 29. Ne4 Nf6 30. Nc3 h5 31. Nd5 Nxd5 32. Bxd5 Nf5 33. Qe4 {[%emt 0:01:53] Prevents Ne7.} Bc3 34. Re2 Kf8 35. g4 Nd4 36. Bxd4 Bxd4+ 37. Kg2 hxg4 38. hxg4 Qd7 39. Kf3 Re8 40. Qxe8+ {[%emt 0:00:09] Weighted Error Value: White=0.04 (flawless) /Black=0.05 (flawless) .  Mistake:       	---       	Black=1      Inaccurate:     	---       	Black=1      OK:         	White=16    	Black=17     Strong:       	---       	Black=1} 1/2-1/2

[Event "45th FIDE Olympiad 2024"]
[Site "Budapest"]
[Date "2024.09.19"]
[Round "8.11"]
[White "Zilleruelo Irizarry, Diego"]
[Black "Sandiford, Keron"]
[Result "1-0"]
[WhiteElo "2041"]
[BlackElo "1755"]
[PlyCount "103"]
[EventDate "2024.09.05"]
[EventType "team-tourn"]
[EventCountry "HUN"]
[WhiteTeam "Puerto Rico"]
[BlackTeam "Guyana"]
[WhiteTeamCountry "PUR"]
[BlackTeamCountry "GUY"]
[TimeControl "40/5400+30:1800+30"]

1. e4 c5 2. Nf3 d6 3. Be2 Nf6 4. c3 Nc6 5. Qc2 g6 6. d4 cxd4 7. cxd4 Bg7 8. O-O O-O 9. Nc3 Bg4 10. Be3 Nd7 11. Rfd1 Qb8 12. Qd2 Nf6 13. Rac1 a6 14. d5 Bxf3 15. Bxf3 Ne5 16. Be2 Rc8 17. b3 Ned7 18. f4 Nc5 19. Bf3 a5 20. Bd4 b5 21. Qe3 Ra7 22. e5 Nfd7 23. Ne4 Rb7 24. Nxc5 dxc5 25. d6 cxd4 26. Rxc8+ Qxc8 27. Bxb7 Qxb7 28. dxe7 dxe3 29. e8=Q+ Nf8 30. Re1 Qe4 31. Qxb5 Qxf4 32. Rf1 Qd4 33. Qc4 Qxc4 34. bxc4 Bxe5 35. Rd1 Ne6 36. Rd5 Bd4 37. Kf1 Bb6 38. g3 Kf8 39. Rb5 Bc7 40. Rd5 Ke7 41. c5 f6 42. Ke2 Be5 43. Kxe3 Bd4+ 44. Rxd4 Nxd4 45. Kxd4 Kd7 46. Kd5 h5 47. c6+ Kc7 48. Ke6 Kxc6 49. Kxf6 Kb5 50. Kxg6 Ka4 51. Kxh5 Ka3 52. g4 1-0

[Event "45th FIDE Olympiad 2024"]
[Site "Budapest"]
[Date "2024.09.19"]
[Round "8.12"]
[White "Vokhidov, Shamsiddin"]
[Black "Ivic, Velimir"]
[Result "1/2-1/2"]
[ECO "B90"]
[WhiteElo "2650"]
[BlackElo "2599"]
[Annotator "TA"]
[PlyCount "81"]
[EventDate "2024.09.05"]
[EventType "team-tourn"]
[EventCountry "HUN"]
[SourceTitle "playchess.com"]
[Source "ChessBase"]
[SourceQuality "1"]
[WhiteTeam "Uzbekistan"]
[BlackTeam "Serbia"]
[WhiteTeamCountry "UZB"]
[BlackTeamCountry "SRB"]
[TimeControl "40/5400+30:1800+30"]

1. e4 c5 2. Nf3 d6 3. d4 cxd4 4. Nxd4 Nf6 5. Nc3 a6 6. Bd3 e5 7. Nde2 Be7 8. O-O Be6 9. f4 exf4 10. Nxf4 Nc6 11. Be3 Ne5 12. a4 O-O 13. Bd4 Nfd7 14. Ncd5 Bg5 15. a5 Nc5 16. h3 Rc8 17. b4 Ncxd3 18. cxd3 Bxf4 19. Nxf4 Qd7 20. Rb1 f5 {[%emt 0:08:33] [#]} 21. b5 $1 fxe4 22. bxa6 bxa6 23. dxe4 (23. Nxe6 {simplifies} Qxe6 24. Rxf8+ Rxf8 25. dxe4 Nc6 26. Rb7) 23... Nc6 (23... Bc4 $1 $11 24. Rf2 (24. Bxe5 Bxf1 25. Kxf1 Rf7 $11) 24... Bb5) 24. Bc3 {[%emt 0:10:26] Hoping for Nxe6.} Bc4 25. Rf3 Rf7 26. Nh5 {[%emt 0:06:18] [#] Rxf7 is the strong threat.} Rxf3 27. Qxf3 Ne5 28. Qg3 Qf7 {[%emt 0:02:22] Wards off Nf6+} 29. Bxe5 dxe5 30. Qxe5 Re8 31. Qd4 {[%emt 0:04:39][%cal Oh5g7] aiming for Nxg7!} Ba2 $1 {[%emt 0:07:42] The position is equal.} 32. Rb2 Qxh5 33. Rxa2 Qe5 34. Qxe5 Rxe5 $11 {[%emt 0:00:01][%mdl 4096] Endgame. KR-KR} 35. Ra4 Kf7 36. Kf2 Ke6 37. Ke3 Rb5 38. Kf4 Kf6 39. h4 h5 40. g3 g6 41. Ra3 {[%emt 0:31:52] Weighted Error Value: White=0.07 (flawless) /Black=0.06 (flawless) .  Mistake:       	---       	Black=1      Inaccurate:     	White=2     	Black=2      OK:         	White=11    	Black=15     Best:        	---       	Black=3      Strong:       	---       	Black=1} 1/2-1/2

[Event "45th FIDE Olympiad 2024"]
[Site "Budapest"]
[Date "2024.09.19"]
[Round "8.12"]
[White "Pitamber, Sachin Dhilan"]
[Black "Mejias Nunez, Rafael E."]
[Result "1/2-1/2"]
[WhiteElo "1715"]
[BlackElo "2026"]
[PlyCount "97"]
[EventDate "2024.09.05"]
[EventType "team-tourn"]
[EventCountry "HUN"]
[WhiteTeam "Guyana"]
[BlackTeam "Puerto Rico"]
[WhiteTeamCountry "GUY"]
[BlackTeamCountry "PUR"]
[TimeControl "40/5400+30:1800+30"]

1. e4 c5 2. Nf3 e6 3. Nc3 a6 4. d4 cxd4 5. Nxd4 Qc7 6. Be3 Bb4 7. Qd3 Nf6 8. Bd2 Nc6 9. Be2 O-O 10. O-O-O b5 11. a3 Nxd4 12. Qxd4 Bc5 13. Qd3 Bb7 14. Bg5 Bc6 15. Kb1 b4 16. Bxf6 gxf6 17. axb4 Bxb4 18. Qd4 Bxc3 19. Qxc3 Qe5 20. Qxe5 fxe5 21. Rd3 Rfc8 22. Rg3+ Kf8 23. Bd3 Ke7 24. Re1 a5 25. Rh3 Rg8 26. g3 Rg7 27. f4 exf4 28. gxf4 Rag8 29. e5 Rg1 30. Rxg1 Rxg1+ 31. Ka2 Rg4 32. f5 exf5 33. Rxh7 Bd5+ 34. b3 f4 35. c4 Rg2+ 36. Ka3 Be6 37. Rh4 f3 38. Rf4 f2 39. h4 d6 40. exd6+ Kxd6 41. h5 Rh2 42. h6 f5 43. h7 Rxh7 44. Rxf2 Rf7 45. b4 axb4+ 46. Kxb4 Rb7+ 47. Kc3 Kc5 48. Re2 Kd6 49. c5+ 1/2-1/2

[Event "45th FIDE Olympiad 2024"]
[Site "Budapest"]
[Date "2024.09.19"]
[Round "8.13"]
[White "Caruana, Fabiano"]
[Black "Vachier-Lagrave, Maxime"]
[Result "1/2-1/2"]
[ECO "B52"]
[WhiteElo "2798"]
[BlackElo "2731"]
[Annotator "TA"]
[PlyCount "90"]
[EventDate "2024.09.05"]
[EventType "team-tourn"]
[EventCountry "HUN"]
[SourceTitle "playchess.com"]
[Source "ChessBase"]
[SourceQuality "1"]
[WhiteTeam "United States of America"]
[BlackTeam "France"]
[BlackTeamCountry "FRA"]
[TimeControl "40/5400+30:1800+30"]

1. e4 c5 2. Nf3 d6 3. Bb5+ Bd7 4. Bxd7+ Qxd7 5. O-O Nc6 6. Re1 Nf6 7. c3 e6 8. d4 cxd4 9. cxd4 d5 10. e5 Ne4 11. a3 Be7 12. Nbd2 Nxd2 13. Bxd2 O-O 14. Rc1 Rfc8 15. h4 Bd8 16. h5 h6 17. Rc3 Ne7 18. Rd3 Qc6 19. g4 Qc2 20. Qxc2 Rxc2 21. Bc3 {[%emt 0:00:02] aiming for Rb1. The position is equal.} Nc6 22. Red1 {[%emt 0:05:50] Threatens to win with Ne1.} Bg5 $1 23. Ne1 Rc1 24. Rxc1 Bxc1 25. Rd1 Bg5 26. Nd3 Bd8 27. Nc5 b6 28. Nd3 b5 29. Nb4 Na5 30. Na6 Nb3 31. Nc5 Nxc5 32. dxc5 $11 {[%emt 0:00:03][%mdl 4096] Endgame. KRB-KRB} Kf8 33. b4 Ke8 34. a4 bxa4 35. Ra1 Kd7 36. Rxa4 Kc6 37. Ra6+ Kb5 38. Rd6 a5 39. bxa5 Bxa5 40. Bxa5 Rxa5 {[%emt 0:00:03] KR-KR} 41. Rd7 Kxc5 42. Rxf7 d4 43. Rxg7 d3 {[%emt 0:04:11] [#] ( -> ...Kc6)} 44. Rd7 $1 Kc4 {[%emt 0:05:57][%cal Oc4c3] Strongly threatening ...Kc3!} 45. f4 Rd5 {[%emt 0:00:07] A rather calm draw.   Weighted Error Value: White=0.03 (flawless) /Black=0.02 (flawless) .  Inaccurate:     	White=1     	---        OK:         	White=16    	Black=16     Best:        	---       	Black=1      Strong:       	White=1     	Black=1} 1/2-1/2

[Event "45th FIDE Olympiad 2024"]
[Site "Budapest"]
[Date "2024.09.19"]
[Round "8.13"]
[White "Mathurin, Nathaniel"]
[Black "Kawuma, Patrick"]
[Result "0-1"]
[WhiteElo "1982"]
[BlackElo "2207"]
[PlyCount "89"]
[EventDate "2024.09.05"]
[EventType "team-tourn"]
[EventCountry "HUN"]
[WhiteTeam "Saint Lucia"]
[BlackTeam "Uganda"]
[BlackTeamCountry "UGA"]
[TimeControl "40/5400+30:1800+30"]

1. d4 Nf6 2. Nf3 e6 3. c4 d5 4. g3 Be7 5. Bg2 O-O 6. O-O a5 7. Qc2 c6 8. Bf4 Nbd7 9. b3 b6 10. Nbd2 Nh5 11. e4 Nxf4 12. gxf4 dxe4 13. Nxe4 Qc7 14. Ne5 Bb7 15. Rad1 Rad8 16. Rfe1 c5 17. d5 exd5 18. cxd5 Nxe5 19. fxe5 Bxd5 20. Ng5 Bxg5 21. Bxd5 Kh8 22. Qf5 Qe7 23. f4 Bh6 24. Rf1 Qh4 25. Kg2 b5 26. Rd3 g6 27. Qe4 Bg7 28. Rfd1 Qg4+ 29. Kh1 Bh6 30. Rf1 Qh4 31. f5 Qxe4+ 32. Bxe4 Rd4 33. Rxd4 cxd4 34. Bd3 b4 35. Bc4 Kg7 36. Kg2 Be3 37. Kf3 gxf5 38. Ke2 f4 39. Kd3 Re8 40. Ke4 Rc8 41. Rb1 a4 42. Rb2 a3 43. Rg2+ Kf8 44. e6 Re8 45. Ke5 {0-} 0-1